 Dungeon Crawl Stone Soup version 0.31-a0-771-g505c3d19dc (webtiles) character file.

Game seed: 8728715171475139622

312 cforsyth the Trooper (level 6, -3/49 HPs)
             Began as a Djinni Delver on Sept 16, 2023.
             Was an Initiate of Hepliaklqana.
             Slain by a sleepcap (6 damage)
             ... on level 5 of the Dungeon.
             The game lasted 00:01:25 (348 turns).

cforsyth the Trooper (Djinni Delver)                 Turns: 348, Time: 00:01:25

Health: -3/49      AC:  4    Str: 11    XL:     6   Next: 70%
Gold:   0          EV: 12    Int: 16    God:    Hepliaklqana [......] SH:  0 Dex: 14

rFire   + + .        h - +7 war axe "Unejazxe" {flame, *Slow rN+ Int+2 Stlth+}
rCold   x . .        (no shield)
rNeg    + . .        b - +0 leather armour
rPois   ∞            (no helmet)
rElec   .            l - +0 cloak
rCorr   .            (no gloves)
SInv    .            (boots unavailable)
Will    .....        (no amulet)
Stlth   +++          (no ring)
HPRegen 0.28/turn    (no ring)
MPRegen 0.00/turn

%: slow self (1%), infuse magic (-4 HP)
@: flying
A: sickness immunity, fire resistance 2, cold vulnerability 1, float, innate
caster, HP casting, extra vitality 1
a: Renounce Religion


You were on level 5 of the Dungeon.
You worshipped Hepliaklqana.
Hepliaklqana was noncommittal.
You visited 2 branches of the dungeon, and saw 2 of its levels.

Inventory:

Hand Weapons
 a - a +0 falchion
 h - the +7 war axe "Unejazxe" (weapon) {flame, *Slow rN+ Int+2 Stlth+}
   (You found it on level 5 of the Dungeon)

   Int+2:     It affects your intelligence (+2).
   rN+:       It protects you from negative energy.
   *Slow:     It may slow you when you take damage.
   Stlth+:    It makes you more stealthy.
Armour
 b - a +0 leather armour (worn)
 l - a +0 cloak (worn)
Wands
 g - a wand of digging (3)
Scrolls
 c - a scroll of fog
 d - a scroll of revelation
 i - a scroll of silence {unknown}
 j - a scroll of identify {unknown}
Potions
 f - 2 potions of haste


   Skills:
 + Level 5.3 Fighting
 - Level 1.7 Long Blades
 - Level 2.1 Dodging
 - Level 4.1 Stealth
 + Level 3.1 Spellcasting
 + Level 3.1 Conjurations
 + Level 3.1 Hexes
   Level 0.0 Charms
 + Level 3.1 Summonings
 + Level 3.1 Necromancy
 + Level 3.1 Translocations
 + Level 3.1 Transmutations
 + Level 3.1 Fire Magic
 + Level 3.1 Ice Magic
 + Level 3.1 Air Magic
 + Level 3.1 Earth Magic
 + Level 3.1 Poison Magic


You knew the following spells:

 Your Spells              Type           Power      Damage    Failure   Level
a - Sting                 Tmut/Pois      48%        1d5       7%          1
b - Momentum Strike       Conj/Tloc      24%        3d8       11%         2
Your spell library was empty.

Dungeon Overview and Level Annotations

Branches:
Dungeon (5/15)             Temple (1/1) D:5

Altars:
Cheibriados
Dithmenos
Elyvilon
Gozag
Hepliaklqana
Okawaru
Ru
Trog
Yredelemnul
Zin
The Shining One

Annotations:
D:5 Ijyb


Innate Abilities, Weirdness & Mutations

You are immune to sickness and miasma.
You are immune to poison.
Your flesh is very heat resistant. (rF++)
You are vulnerable to cold. (rC-)
You float through the air rather than walking.
You learn spells naturally, not from books.
Your magical power is your life essence.
You have superior vitality. (+4 MHP)


Message History

The jelly hits you.
You are splashed with acid!
You slash the jelly! You burn the jelly.
You kill the jelly!
The sleepcap releases spores at you.
You hit the sleepcap. You burn the sleepcap.
The sleepcap is lightly damaged.
The sleepcap misses you.
You slash the sleepcap! You burn the sleepcap.
The sleepcap is heavily damaged.
The sleepcap closely misses you. The sleepcap barely misses you.
You hit the sleepcap. You burn the sleepcap.
The sleepcap is almost destroyed.
The sleepcap releases spores at you.
Ijyb zaps a wand.
Your mind is blasted!
* * * LOW HITPOINT WARNING * * *
You are too injured to fight recklessly!
You are too injured to fight recklessly!
You are too injured to fight recklessly!
You are too injured to fight recklessly!
You are too injured to fight recklessly!
You are too injured to fight recklessly!
You completely miss the sleepcap.
The sleepcap is almost destroyed.
The sleepcap completely misses you. The sleepcap releases spores at you.
* * * LOW HITPOINT WARNING * * *
Ijyb zaps a wand.
Your mind is blasted!
* * * LOW HITPOINT WARNING * * *
Unknown command.
It was a potion of curing.
You feel better.
The sleepcap releases spores at you but does no damage.
Ijyb hits you with a +0 dagger.
* * * LOW HITPOINT WARNING * * *
You feel better. The sleepcap releases spores at you!
* * * LOW HITPOINT WARNING * * *
Ijyb hits you with a +0 dagger.
* * * LOW HITPOINT WARNING * * *
Okay, then.
As you read the scroll of fear, it crumbles to dust.
You assume a fearsome visage.
Ijyb looks frightened!
The sleepcap is unaffected.
The sleepcap releases spores at you.
You die...

.......... .........
....#..... .......><
.##..#.... .........
.......... ........# #
#...>.. ........#
.......... .....<..#
.#.######.... .......f#
.#...........
......g@###.............
.........##....######...
#...........##.##.......
##.##...#.#.##..........
.. #...#...##..........
# #...##..##..........
#...##..............
#######.............
#:............†..


You could see a sleepcap and Ijyb (fleeing).

Vanquished Creatures
  Sigmund (D:5)
  An orc priest (D:5)
  2 jellies (D:5)
  An iguana (D:5)
  An orc wizard (D:5)
  An adder (D:5)
  2 orcs (D:5)
9 creatures vanquished.

Notes
Turn   | Place    | Note
-------+----------+-------------------------------------------
     0 | D:5      | cforsyth the Djinni Delver began the quest for the Orb.
     0 | D:5      | Reached XP level 1. HP: 20/20 MP: 0/0
     2 | D:5      | Noticed a jelly
     2 | D:5      | Noticed an orc priest
     3 | D:5      | Noticed an orc wizard
     5 | D:5      | Identified the +7 war axe "Unejazxe" {flame, *Slow rN+
                  | Int+2 Stlth+}
    10 | D:5      | Killed a jelly
    11 | D:5      | Reached skill level 1 in Spellcasting
    11 | D:5      | Reached skill level 1 in Conjurations
    11 | D:5      | Reached skill level 1 in Hexes
    11 | D:5      | Reached skill level 1 in Summonings
    11 | D:5      | Reached skill level 1 in Necromancy
    11 | D:5      | Reached skill level 1 in Translocations
    11 | D:5      | Reached skill level 1 in Transmutations
    11 | D:5      | Reached skill level 1 in Fire Magic
    11 | D:5      | Reached skill level 1 in Ice Magic
    11 | D:5      | Reached skill level 1 in Air Magic
    11 | D:5      | Reached skill level 1 in Earth Magic
    11 | D:5      | Reached skill level 1 in Poison Magic
    11 | D:5      | Reached XP level 2. HP: 23/25 MP: 0/0
    11 | D:5      | Reached XP level 3. HP: 28/30 MP: 0/0
    11 | D:5      | Learned a level 1 spell: Sting
    15 | D:5      | Reached skill level 4 in Fighting
    15 | D:5      | Reached XP level 4. HP: 29/37 MP: 0/0
    82 | D:5      | Reached XP level 5. HP: 15/42 MP: 0/0
    82 | D:5      | Learned a level 2 spell: Momentum Strike
   210 | D:5      | Found a staircase to the Ecumenical Temple.
   232 | Temple   | Entered the Ecumenical Temple
   238 | Temple   | Became a worshipper of Hepliaklqana the Forgotten
   282 | D:5      | Noticed Sigmund
   288 | D:5      | Killed Sigmund
   289 | D:5      | Reached skill level 5 in Fighting
   289 | D:5      | Reached XP level 6. HP: 40/49 MP: 0/0
   339 | D:5      | Noticed Ijyb
   348 | D:5      | Slain by a sleepcap

Illustrated notes

Levels and vault maps discovered:
D:5:      layout_rooms, old_standard_altar, grunt_qazlal_clouds, tgw_sif,
          minmay_temple_entry_statues_fountains, uniq_sigmund,
          uniq_prince_ribbit1, uniq_ijyb
Temple:   hellmonk_temple_two_chambers

Skill      XL: |  1  2  3  4  5 |
---------------+----------------+-----
Spellcasting   | 1 2 3 |  3.1
Conjurations   | 1 2 3 |  3.1
Hexes          | 1 2 3 |  3.1
Summonings     | 1 2 3 |  3.1
Necromancy     | 1 2 3 |  3.1
Translocations | 1 2 3 |  3.1
Transmutations | 1 2 3 |  3.1
Fire Magic     | 1 2 3 |  3.1
Ice Magic      | 1 2 3 |  3.1
Air Magic      | 1 2 3 |  3.1
Earth Magic    | 1 2 3 |  3.1
Poison Magic   | 1 2 3 |  3.1
Fighting       | 4 5 |  5.3
Long Blades    | |  1.7
Dodging        | |  2.1
Stealth        | |  4.1

Action                     |  1- 3 |  4- 6 || total
---------------------------+-------+-------++-------
  Melee: War axe           |     7 |    21 ||    28
    Use: Potion            |       |     2 ||     2
         Scroll            |       |     1 ||     1
   Stab: Sleeping          |       |     1 ||     1
 Armour: Leather armour    |     3 |    21 ||    24
  Dodge: Dodged            |     9 |    14 ||    23

Table legend: (Time is in decaauts)
 A = Elapsed time spent in this place.
 B = Non-inter-level travel time spent in this place.
 C = Inter-level travel time spent in this place.
 D = Time resting spent in this place.
 E = Time spent auto-exploring this place.
 F = Levels seen in this place.
 G = Mean time per level.
                   A        B        C        D        E       F      G
               +--------+--------+--------+--------+--------+-----+--------+
         Total |    361 |    345 |     16 |      0 |    238 |   2 |  180.5 |
       Dungeon |    349 |    340 |      9 |      0 |    238 |   1 |  349.0 |
        Temple |     12 |      6 |      6 |      0 |      0 |   1 |   12.0 |
               +--------+--------+--------+--------+--------+-----+--------+

Top non-repeatable levels by time:
     D:5: 349 daAuts
  Temple: 12 daAuts
